 Dungeon Crawl Stone Soup version 0.26-a0-1053-gaff5f71418 (webtiles) character file.

Game seed: 9749970087395744319

65 stormannn the Caller (level 3, -2/19 HPs)
             Began as a Deep Elf Summoner on Dec 12, 2020.
             Slain by a big kobold (5 damage)
             ... in a sewer.
             The game lasted 00:05:57 (3108 turns).

stormannn the Caller (Deep Elf Summoner)            Turns: 3108, Time: 00:05:58

Health: -2/19      AC:  2    Str:  7    XL:     3   Next: 92%
Magic:  1/11       EV: 13    Int: 20    God:
Gold:   119        SH:  0    Dex: 15    Spells: 10/11 levels left

rFire    . . .     SeeInvis .   f - staff of conjuration
rCold    . . .     Faith    .   (no shield)
rNeg     . . .     Spirit   .   a - +0 robe
rPois    +         Reflect  .   (no helmet)
rElec    .         Harm     .   (no cloak)
rCorr    .         Rampage  .   (no gloves)
Will     .....                  (no boots)
Stlth    ++........             (no amulet)
HPRegen  0.06/turn              (no ring)
MPRegen  0.12/turn              (no ring)

@: mighty, attractive
A: poison resistance, strong 1
a: no special abilities


You were in a sewer.
You visited 1 branch of the dungeon, and saw 3 of its levels.
You also visited: Sewer.

You collected 119 gold pieces.

Inventory:

Hand Weapons
 e - a +0 dagger
Armour
 a - a +0 robe (worn)
Magical Staves
 f - an uncursed staff of conjuration (weapon)
Scrolls
 d - a scroll of remove curse {unknown}
 g - a scroll of amnesia {unknown}
 i - a scroll of teleportation {unknown}
 j - 2 scrolls of identify {unknown}
Potions
 c - a potion of might


   Skills:
 - Level 0.1 Fighting
 + Level 2.7 Dodging
 - Level 2.4 Stealth
 + Level 4.6 Spellcasting
 + Level 5.1 Summonings


You had 10 spell levels left.
You knew the following spells:

 Your Spells              Type           Power        Failure   Level
a - Summon Small Mammal   Summ           ####         1%          1

Your spell library contained the following spells:

 Spells                   Type           Power        Failure   Level
 Call Imp                 Summ           ####....     2%          2
 Call Canine Familiar     Summ           ####....     4%          3
 Summon Guardian Golem    Hex/Summ       ##......     13%         3
 Summon Ice Beast         Ice/Summ       ##......     38%         4
 Summon Lightning Spire   Summ/Air       ##......     38%         4


Dungeon Overview and Level Annotations

Branches:
Dungeon (3/15)              Sewer (1/1)

Altars:


Innate Abilities, Weirdness & Mutations

Your system is resistant to poisons. (rPois)
Your muscles are strong. (Str +2)


Message History

Your quokka completely misses the big kobold.
It was a potion of might.
You feel very mighty all of a sudden. The kobold closely misses you.
Your rat misses the big kobold. x2
The big kobold barely misses you.
Your quokka bites the big kobold.
The kobold closely misses you.
Unknown command.
Unknown command.
It was a potion of mutation.
You feel extremely strange.
You feel stronger.
You feel resistant to poisons. The kobold barely misses you.
Your quokka closely misses the big kobold.
Your rat bites the big kobold but does no damage.
Your rat closely misses the big kobold.
The big kobold hits you.
* * * LOW HITPOINT WARNING * * *
The kobold closely misses you.
You swap places.
Your quokka barely misses the kobold.
The kobold hits your quokka but does no damage.
Your rat bites the big kobold. x2; The big kobold hits you.
You die...

#≈≈≈#.∩.!#
#≈≈≈#?..!#
#≈≈≈#...!#
#≈≈≈##''##
#≈≈≈#...†#
#≈≈≈#P.).###
#≈≈≈≈≈†.r..#
#≈≈≈≈≈KKr(##
#≈≈≈#PKr@.#
#≈≈≈#≈≈....#
#≈≈≈#......#
≈≈≈≈≈#......#
≈≈≈≈≈≈#......#
.≈≈≈≈≈#......#
#...P.##
#.....#


You could see a big kobold, 2 kobolds, a friendly quokka (summoned) and 2
friendly rats.

Vanquished Creatures
  A giant cockroach (D:3)
  A goblin (D:2)
  A bat (D:1)
  A kobold (D:2)
4 creatures vanquished.

Vanquished Creatures (collateral kills)
  Terence (D:2)
  3 adders (D:2)
  2 worms
  A dart slug (D:2)
  5 leopard geckos
  4 bats
  6 giant cockroaches
  6 goblins
  2 hobgoblins (D:2)
  A ball python (Sewer)
  A frilled lizard (D:1)
  4 kobolds
  4 rats
40 creatures vanquished.

Grand Total: 44 creatures vanquished

Notes
Turn   | Place    | Note
-------+----------+-------------------------------------------
     0 | D:1      | stormannn the Deep Elf Summoner began the quest for the
                  | Orb.
     0 | D:1      | Reached XP level 1. HP: 10/10 MP: 6/6
  1492 | D:2      | Reached XP level 2. HP: 15/15 MP: 4/8
  1654 | D:2      | Noticed Terence
  1686 | D:2      | Killed Terence
  1687 | D:2      | Reached XP level 3. HP: 17/19 MP: 1/10
  1931 | D:2      | Reached skill level 5 in Summonings
  2880 | D:3      | Found a glowing drain.
  2905 | Sewer    | Entered a sewer
  3084 | Sewer    | Noticed a big kobold
  3107 | Sewer    | Gained mutation: Your muscles are strong. (Str +2) [potion
                  | of mutation]
  3107 | Sewer    | Gained mutation: Your system is resistant to poisons.
                  | (rPois) [potion of mutation]
  3108 | Sewer    | Slain by a big kobold

Illustrated notes

Levels and vault maps discovered:
D:1:      psy_arrival_conway, layout_basic, serial_park_tiny_pond
D:2:      layout_basic, minivault_25, uniq_terence
D:3:      layout_basic, gup_sewer_entry_pipe
Sewer:    kennysheep_pipe_town

Skill      XL: |  1  2  3 |
---------------+----------+-----
Spellcasting   | 4 |  4.6
Summonings     | 5 |  5.1
Fighting       | |  0.1
Dodging        | |  2.7
Stealth        | |  2.4

Action                   || total
-------------------------++-------
Melee: Unarmed           ||     6
       Staff             ||    19
 Cast: Summon Small Mamm ||   125
  Use: Potion            ||     4
 Stab: Sleeping          ||     1
Armor: Robe              ||    11
Dodge: Dodged            ||    75

Table legend: (Time is in decaauts)
 A = Elapsed time spent in this place.
 B = Non-inter-level travel time spent in this place.
 C = Inter-level travel time spent in this place.
 D = Time resting spent in this place.
 E = Time spent auto-exploring this place.
 F = Levels seen in this place.
 G = Mean time per level.
                   A        B        C        D        E       F      G
               +--------+--------+--------+--------+--------+-----+--------+
         Total |   3127 |   3059 |     68 |    838 |   1669 |   4 |  781.8 |
       Dungeon |   2914 |   2846 |     68 |    692 |   1652 |   3 |  971.3 |
         Sewer |    212 |    212 |      0 |    146 |     17 |   1 |  212.0 |
               +--------+--------+--------+--------+--------+-----+--------+

Top non-repeatable levels by time:
     D:1: 1446 daAuts
     D:2: 1138 daAuts
     D:3: 330 daAuts
   Sewer: 212 daAuts
